 Dungeon Sprint DCSS version 0.21.1-1-g345015f (webtiles) character file.

3952 wilfster70 the Covert (level 10, 82/82 HPs)
             Began as a Gnoll Enchanter on June 12, 2018.
             Was a Priest of Wu Jian.
             Quit the game in the Dungeon (Sprint I: "Red Sonja").
             The game lasted 00:05:42 (333 turns).

wilfster70 the Covert (Gnoll Enchanter)              Turns: 333, Time: 00:05:43

Health: 82/82      AC:  5    Str: 10    XL:     10   Next: 21%
Magic:  5/23       EV: 19    Int: 16    God:    Wu Jian [***...]
Gold:   262        SH:  0    Dex: 16    Spells: 22/28 levels left

rFire    + . .     SeeInvis .   q - +0 mace of Doom {freeze, +Blink rN+ MR+ Int-5} (curse)
rCold    . . .     Gourm    .   (no shield)
rNeg     + . .     Faith    .   n - +3 robe of Zaaconwe {+Blink rElec rF+ Regen+}
rPois    .         Spirit   .   (no helmet)
rElec    +         Reflect  .   (no cloak)
rCorr    .         Harm     .   (no gloves)
MR       +....     NoTele   +   (no boots)
Stlth    ++++++....             (no amulet)
HPRegen  0.63/turn              o - ring of stealth
MPRegen  0.18/turn              (no ring)

@: no status effects
A: distributed training, fangs 1, strong nose
a: Wall Jump, Serpent's Lash, Renounce Religion, Evoke Blink


You were in the Dungeon.
You worshipped Wu Jian.
Wu Jian was most pleased with you.
You were not hungry.

You visited 1 branch You collected 735 gold pieces.
You spent 473 gold pieces at shops.

Inventory:

Hand Weapons
 a - a +1 dagger
 q - the cursed +0 mace of Doom (weapon) {freeze, +Blink rN+ MR+ Int-5}
   (You bought it in a shop in the Dungeon)

   It has been specially enchanted to freeze those struck by it, causing extra
   injury to most foes and up to half again as much damage against particularly
   susceptible opponents.
   It can also slow down cold-blooded creatures.
   It affects your intelligence (-5).
   It protects you from negative energy.
   It affects your resistance to hostile enchantments.
   It lets you blink.
   It has a curse placed upon it.
Armour
 k - a +2 robe of magic resistance
 n - the +3 robe of Zaaconwe (worn) {+Blink rElec rF+ Regen+}
   (You bought it in a shop in the Dungeon)

   It protects you from fire.
   It insulates you from electricity.
   It lets you blink.
   It increases your rate of regeneration.
Jewellery
 o - a ring of stealth (left hand)
Wands
 p - a wand of digging (18)
Scrolls
 j - a scroll of blinking
 r - a scroll of remove curse
Potions
 b - a potion of resistance {unknown}
 e - a potion of curing
 f - a potion of heal wounds
 g - a potion of haste
 h - 2 potions of magic
 i - a potion of berserk rage
 m - 2 potions of flight {unknown}
Books
 c - a book of Maledictions

   Spells                             Type                      Level
   a - Corona                         Hexes                        1
   b - Ensorcelled Hibernation        Hexes/Ice                    2
   c - Confuse                        Hexes                        3
   d - Tukima's Dance                 Hexes                        3
   e - Dazzling Spray                 Conjuration/Hexes            3
Comestibles
 d - 2 rations
 l - 5 chunks of flesh


   Skills:
 + Level 8.5 Fighting
 + Level 8.9 Short Blades
 + Level 8.5 Long Blades
 + Level 8.5 Axes
 + Level 8.5 Maces & Flails
 + Level 8.5 Polearms
 + Level 8.5 Staves
 + Level 8.5 Slings
 + Level 8.5 Bows
 + Level 8.5 Crossbows
 + Level 8.5 Throwing
 + Level 8.5 Armour
 + Level 9.7 Dodging
 + Level 10.3 Stealth
 + Level 8.5 Shields
 + Level 8.5 Unarmed Combat
 + Level 9.9 Spellcasting
 + Level 7.1 Conjurations
 + Level 9.0 Hexes
 + Level 7.1 Charms
 + Level 7.1 Summonings
 + Level 7.1 Necromancy
 + Level 7.1 Translocations
 + Level 7.1 Transmutations
 + Level 7.1 Fire Magic
 + Level 7.1 Ice Magic
 + Level 7.1 Air Magic
 + Level 7.1 Earth Magic
 + Level 7.1 Poison Magic
 + Level 9.3 Invocations
 + Level 8.5 Evocations


You had 22 spell levels left.
You knew the following spells:

 Your Spells              Type           Power        Failure   Level  Hunger
a - Corona                Hex            #####..      1%          1    None
b - Ensorcelled Hibernat  Hex/Ice        ####..       1%          2    None
c - Confuse               Hex            #####...     1%          3    None


Dungeon Overview and Level Annotations

Branches:
Dungeon (1/1)

Altars:
Cheibriados
Dithmenos
Elyvilon
Fedhas
Gozag
Hepliaklqana
Kikubaaqudgha
Nemelex Xobeh
Okawaru
Qazlal
Ru
Sif Muna
Trog
Uskayaw
Vehumet
Wu Jian
Yredelemnul
Zin
The Shining One

Shops:
D [[(}[?**((%==:[[*


Innate Abilities, Weirdness & Mutations

Your experience applies equally to all skills.
You have very sharp teeth.
Your uncanny sense of smell can sniff out nearby items.


Message History

You feel magic returning to you.
You are now empty-handed.
You drop the +1 dagger "Mitofeoch" {antimagic, *Noise rElec rPois MP-9 Dex+4}.
Wield which item (- for none, * to show all)? (? for menu, Esc to quit)
Okay, then.
There is an entrance to Geimov's General Store here.
There is an entrance to Affev's General Store here.
There is an entrance to Affy's Antique Weapon Boutique here.
q - a warped mace Thank you for shopping at Affy's Antique Weapon Boutique!
Wield which item (- for none, * to show all)? (? for menu, Esc to quit)
You feel stupid.
The cursed +0 mace of Doom {freeze, +Blink rN+ MR+ Int-5} glows with a cold blue light!
It sticks to your hand!
q - the cursed +0 mace of Doom (weapon)
{freeze, +Blink rN+ MR+ Int-5} Are you sure you want to abandon this character and quit the game? (Confirm with "yes".)
Okay, then.
Welcome back, wilfster70 the Gnoll Enchanter.
The Council says: Follow the Path!
Press ? for a list of commands and other information.
Are you sure you want to abandon this character and quit the game? (Confirm with "yes".)

∆∆∆∆∆#JJ......#§#
∆∆
####JJ..§.§#§.#∆∆∆
∆n((.....§§§####∆
∆nn.....J.≈§# ∆∆∆
.......≈≈≈## ∆∆
#..≈≈≈≈### ∆
###+######+###
∆∆∆∆∆
#∩∩########∩∩#
##∩∩∩∩@∩∩∩∩∩##
############ ∆


There were no monsters in sight!

Vanquished Creatures
  2 centaur warriors (D)
  Sonja (D)
  A deep troll (D)
  An oklob plant (D)
  A hornet (D)
  2 redbacks (D)
  Sigmund (D)
  A yak (D)
  A floating eye (D)
  A necrophage (D)
  An ogre (D)
  4 jellies (D)
  Ijyb (D)
18 creatures vanquished.

Notes
Turn   | Place    | Note
-------+----------+-------------------------------------------
     0 | D        | wilfster70 the Gnoll Enchanter began the quest for the Orb.
     0 | D        | Reached XP level 1. HP: 13/13 MP: 6/6
     1 | D        | Noticed Ijyb
     4 | D        | Killed Ijyb
     4 | D        | Reached skill level 1 in Fighting
     4 | D        | Reached skill level 1 in Long Blades
     4 | D        | Reached skill level 1 in Axes
     4 | D        | Reached skill level 1 in Maces & Flails
     4 | D        | Reached skill level 1 in Polearms
     4 | D        | Reached skill level 1 in Staves
     4 | D        | Reached skill level 1 in Slings
     4 | D        | Reached skill level 1 in Bows
     4 | D        | Reached skill level 1 in Crossbows
     4 | D        | Reached skill level 1 in Throwing
     4 | D        | Reached skill level 1 in Armour
     4 | D        | Reached skill level 6 in Stealth
     4 | D        | Reached skill level 1 in Shields
     4 | D        | Reached skill level 1 in Unarmed Combat
     4 | D        | Reached skill level 5 in Spellcasting
     4 | D        | Reached skill level 1 in Conjurations
     4 | D        | Reached skill level 1 in Charms
     4 | D        | Reached skill level 1 in Summonings
     4 | D        | Reached skill level 1 in Necromancy
     4 | D        | Reached skill level 1 in Translocations
     4 | D        | Reached skill level 1 in Transmutations
     4 | D        | Reached skill level 1 in Fire Magic
     4 | D        | Reached skill level 1 in Ice Magic
     4 | D        | Reached skill level 1 in Air Magic
     4 | D        | Reached skill level 1 in Earth Magic
     4 | D        | Reached skill level 1 in Poison Magic
     4 | D        | Reached skill level 1 in Invocations
     4 | D        | Reached skill level 1 in Evocations
     4 | D        | Reached XP level 2. HP: 22/22 MP: 8/8
     4 | D        | Reached XP level 3. HP: 27/27 MP: 9/9
     8 | D        | Learned a level 2 spell: Ensorcelled Hibernation
    12 | D        | Learned a level 3 spell: Confuse
    14 | D        | Noticed an ogre
    16 | D        | Killed an ogre
    16 | D        | Reached skill level 5 in Dodging
    16 | D        | Reached XP level 4. HP: 35/35 MP: 9/11
    25 | D        | Noticed Sigmund
    28 | D        | Killed Sigmund
    28 | D        | Reached skill level 7 in Stealth
    28 | D        | Reached XP level 5. HP: 42/42 MP: 11/14
    28 | D        | Reached XP level 6. HP: 48/48 MP: 11/15
    54 | D        | Found a deep blue altar of Sif Muna.
    55 | D        | Found an ornate altar of the Wu Jian Council.
    56 | D        | Found a radiant altar of Vehumet.
    60 | D        | Reached skill level 5 in Short Blades
    76 | D        | Found Meupn's Armour Emporium.
    76 | D        | Found an ancient bone altar of Kikubaaqudgha.
    76 | D        | Found a hazy altar of Hepliaklqana.
    76 | D        | Found a stormy altar of Qazlal.
    76 | D        | Found a hide-covered altar of Uskayaw.
    76 | D        | Found a blossoming altar of Fedhas.
    76 | D        | Found a bloodstained altar of Trog.
    76 | D        | Found an iron altar of Okawaru.
    76 | D        | Found a basalt altar of Yredelemnul.
    76 | D        | Found a glowing golden altar of the Shining One.
    76 | D        | Found a snail-covered altar of Cheibriados.
    76 | D        | Found a sacrificial altar of Ru.
    76 | D        | Found a glowing silver altar of Zin.
    76 | D        | Found a shadowy altar of Dithmenos.
    76 | D        | Found a white marble altar of Elyvilon.
    76 | D        | Noticed a yak
    77 | D        | Found an opulent altar of Gozag.
    78 | D        | Killed a yak
    78 | D        | Reached skill level 5 in Invocations
    95 | D        | Found a sparkling altar of Nemelex Xobeh.
   108 | D        | Became a worshipper of the Wu Jian Council
   111 | D        | Noticed Sonja
   114 | D        | Killed Sonja
   114 | D        | Reached skill level 8 in Stealth
   114 | D        | Reached skill level 5 in Conjurations
   114 | D        | Reached skill level 5 in Charms
   114 | D        | Reached skill level 5 in Summonings
   114 | D        | Reached skill level 5 in Necromancy
   114 | D        | Reached skill level 5 in Translocations
   114 | D        | Reached skill level 5 in Transmutations
   114 | D        | Reached skill level 5 in Fire Magic
   114 | D        | Reached skill level 5 in Ice Magic
   114 | D        | Reached skill level 5 in Air Magic
   114 | D        | Reached skill level 5 in Earth Magic
   114 | D        | Reached skill level 5 in Poison Magic
   114 | D        | Reached XP level 7. HP: 58/58 MP: 16/18
   114 | D        | Reached XP level 8. HP: 64/64 MP: 17/20
   131 | D        | Found Mustira's Antique Armour Boutique.
   139 | D        | Bought a fabulously ornate robe for 114 gold pieces
   149 | D        | Identified the +3 robe of Zaaconwe {+Blink rElec rF+ Regen+} (You bought it in a shop in the Dungeon)
   161 | D        | Noticed a deep troll
   164 | D        | Killed a deep troll
   164 | D        | Reached skill level 9 in Stealth
   178 | D        | Found Gaquqi Mish's Armour Emporium.
   198 | D        | Noticed a centaur warrior
   198 | D        | Noticed a centaur warrior
   200 | D        | Killed a centaur warrior
   200 | D        | Reached * piety under Wu Jian
   200 | D        | Reached XP level 9. HP: 72/72 MP: 20/22
   201 | D        | Killed a centaur warrior
   207 | D        | Noticed a hornet
   209 | D        | Killed a hornet
   209 | D        | Reached skill level 10 in Stealth
   219 | D        | Noticed an oklob plant
   221 | D        | Killed an oklob plant
   221 | D        | Reached ** piety under Wu Jian
   221 | D        | Reached XP level 10. HP: 80/80 MP: 23/23
   254 | D        | Found Idataigh's Book Boutique.
   254 | D        | Found Pel Meipt's Assorted Antiques.
   254 | D        | Found Macs's Antique Armour Emporium.
   256 | D        | Found Qoyjuekk's Jewellery Boutique.
   256 | D        | Found Couriy's Jewellery Shoppe.
   256 | D        | Found Woxotsyi's Food Shop.
   256 | D        | Found Pataleyt's Weapon Emporium.
   256 | D        | Found Affy's Antique Weapon Boutique.
   256 | D        | Found Affev's General Store.
   256 | D        | Found Geimov's General Store.
   258 | D        | Found Owkeagge's Magic Scroll Emporium.
   259 | D        | Found Resoxab's Armour Boutique.
   259 | D        | Found Eklev's Gadget Shoppe.
   260 | D        | Found Ruuney's Antique Weapon Shop.
   262 | D        | Reached *** piety under Wu Jian
   302 | D        | Bought a shimmering dagger for 147 gold pieces
   302 | D        | Identified the cursed +1 dagger "Mitofeoch" {antimagic, *Noise rElec rPois MP-9 Dex+4} (You bought it in a shop in the Dungeon)
   327 | D        | Bought 2 scrolls of remove curse for 60 gold pieces
   332 | D        | Bought a warped mace for 152 gold pieces
   332 | D        | Identified the cursed +0 mace of Doom {freeze, +Blink rN+ MR+ Int-5} (You bought it in a shop in the Dungeon)
   333 | D        | Quit the game

Skill      XL: |  1  2  3  4  5  6  7  8  9 10 |
---------------+-------------------------------+-----
Fighting       | 1 3 4 6 7 8 |  8.5
Short Blades   | 3 4 6 7 8 |  8.9
Long Blades    | 1 3 4 6 7 8 |  8.5
Axes           | 1 3 4 6 7 8 |  8.5
Maces & Flails | 1 3 4 6 7 8 |  8.5
Polearms       | 1 3 4 6 7 8 |  8.5
Staves         | 1 3 4 6 7 8 |  8.5
Slings         | 1 3 4 6 7 8 |  8.5
Bows           | 1 3 4 6 7 8 |  8.5
Crossbows      | 1 3 4 6 7 8 |  8.5
Throwing       | 1 3 4 6 7 8 |  8.5
Armour         | 1 3 4 6 7 8 |  8.5
Stealth        | 6 7 8 9 10 | 10.3
Shields        | 1 3 4 6 7 8 |  8.5
Unarmed Combat | 1 3 4 6 7 8 |  8.5
Spellcasting   | 5 6 8 9 |  9.9
Conjurations   | 1 2 3 5 6 7 |  7.1
Charms         | 1 2 3 5 6 7 |  7.1
Summonings     | 1 2 3 5 6 7 |  7.1
Necromancy     | 1 2 3 5 6 7 |  7.1
Translocations | 1 2 3 5 6 7 |  7.1
Transmutations | 1 2 3 5 6 7 |  7.1
Fire Magic     | 1 2 3 5 6 7 |  7.1
Ice Magic      | 1 2 3 5 6 7 |  7.1
Air Magic      | 1 2 3 5 6 7 |  7.1
Earth Magic    | 1 2 3 5 6 7 |  7.1
Poison Magic   | 1 2 3 5 6 7 |  7.1
Invocations    | 1 3 4 6 8 9 |  9.3
Evocations     | 1 3 4 6 7 8 |  8.5
Dodging        | 5 6 7 8 9 |  9.7
Hexes          | 6 7 8 9 |  9.0

Action                   |  1- 3 |  4- 6 |  7- 9 | 10-12 || total
-------------------------+-------+-------+-------+-------++-------
Melee: Dagger            |     2 |     4 |     5 |    23 ||    34
       Bite              |       |       |       |     3 ||     3
       Punch             |       |       |       |     1 ||     1
 Cast: Ensorcelled Hiber |       |       |       |     7 ||     7
Invok: Lunge             |       |     1 |     4 |     4 ||     9
       Whirlwind         |       |       |       |     2 ||     2
  Use: Scroll            |       |       |       |     1 ||     1
 Stab: Sleeping          |     2 |     4 |     5 |     6 ||    17
Dodge: Dodged            |       |       |       |    14 ||    14
